 Dungeon Crawl Stone Soup version 0.27-a0-887-gcab673c142 (webtiles) character file.

Game seed: 7103374822641176034

56 funkygono the Magician (level 3, -9/25 HPs)
             Began as a Djinni Fire Elementalist on Apr 3, 2021.
             Mangled by a gnoll
             ... wielding a +2 whip of electrocution
              (16 damage)
             ... on level 2 of the Dungeon on Apr 4, 2021.
             The game lasted 00:03:11 (1311 turns).

funkygono the Magician (Djinni Fire Elementalist)   Turns: 1311, Time: 00:03:12

Health: -9/25      AC:  2    Str:  7    XL:     3   Next: 95%
Gold:   60         EV: 12    Int: 17    God:
                   SH:  0    Dex: 13

rFire    + + .     SeeInvis .   c - +0 dagger
rCold    x . .     Faith    .   (no shield)
rNeg     . . .     Spirit   .   a - +0 robe
rPois    ∞         Reflect  .   (no helmet)
rElec    .         Harm     .   (no cloak)
rCorr    .         Rampage  .   (no gloves)
Will     .....                  (boots unavailable)
Stlth    ++........             (no amulet)
HPRegen  0.08/turn              h - ring of wizardry
MPRegen  0.00/turn              (no ring)

@: flying
A: fire resistance 2, cold vulnerability 1, float, innate caster, hp casting,
extra vitality 1
a: no special abilities


You were on level 2 of the Dungeon.
You visited 1 branch of the dungeon, and saw 2 of its levels.

You collected 60 gold pieces.

Inventory:

Hand Weapons
 c - a +0 dagger (weapon)
Missiles
 j - 15 stones
Armour
 a - a +0 robe (worn)
 g - a +0 leather armour
Jewellery
 h - a ring of wizardry (left hand)
Scrolls
 e - a scroll of magic mapping {unknown}
 f - a scroll of teleportation
 k - a scroll of enchant weapon {unknown}
Potions
 b - 2 potions of attraction {unknown}
 d - 2 potions of cancellation {unknown}
 i - a potion of might {unknown}


   Skills:
 * Level 2.4 Dodging
 - Level 1.5 Stealth
 * Level 4.0 Spellcasting


You couldn't memorise any spells.
You knew the following spells:

 Your Spells              Type           Power      Damage    Failure   Level
a - Foxfire               Conj/Fire      68%        2x1d7     1%          1
b - Conjure Flame         Conj/Fire      17%        6-21      3%          3
c - Inner Flame           Hex/Fire       17%        N/A       3%          3
d - Sticky Flame          Conj/Fire      17%        2d4       12%         4
e - Fireball              Conj/Fire      8%         3d6       32%         5
f - Sandblast             Erth           34%        2d9       1%          1
Your spell library was empty.

Dungeon Overview and Level Annotations

Branches:
Dungeon (2/15)

Altars:


Innate Abilities, Weirdness & Mutations

You are immune to poison.
Your flesh is very heat resistant. (rF++)
You are vulnerable to cold. (rC-)
You float through the air rather than walking.
You learn spells naturally, not from books.
Your magical power is your life essence.
You have superior vitality. (+4 HP)


Message History

Confirm with . or Enter, or press ? or * to list all spells.
You can't see any susceptible monsters within range! (Use Z to cast anyway.) Unknown command.
Casting: Foxfire (safe; 1% risk of failure)
Confirm with . or Enter, or press ? or * to list all spells.
Aiming: Sandblast (safe; 1% risk of failure)
Press: ? - help, Shift-Dir - straight line, f - gnoll
Aim: a gnoll, wielding a +2 whip of electrocution and wearing a +0 ring mail (lightly wounded, ally target, 15% to evade)
The blast of sand hits the gnoll but does no damage.
The gnoll is lightly wounded.
j - 15 stones Your foxfire dissipates!
Casting: Sandblast (safe; 1% risk of failure)
Confirm with . or Enter, or press ? or * to list all spells.
You conjure some foxfire!
The gnoll hits you from afar with a +0 spear!
Casting: Foxfire (safe; 1% risk of failure)
Confirm with . or Enter, or press ? or * to list all spells.
You conjure some foxfire!
The foxfire hits the gnoll but does no damage.
The gnoll is lightly wounded.
The foxfire hits the gnoll but does no damage.
The gnoll is lightly wounded.
The gnoll barely misses you.
The foxfire hits the gnoll.
The gnoll is moderately wounded.
The foxfire hits the gnoll.
The gnoll is heavily wounded.
The gnoll closely misses you.
Casting: Foxfire (safe; 1% risk of failure)
Confirm with . or Enter, or press ? or * to list all spells.
You conjure some foxfire!
Your foxfire dissipates!
The foxfire hits the gnoll.
The gnoll is severely wounded.
The gnoll hits you with a +2 whip of electrocution.
* * * LOW HITPOINT WARNING * * *
You are electrocuted!
Ouch! That really hurt!
You die...

##..# #.# ..# #.# ..# #.# ..
#.# ##. ####### #.# #.....#
#.# #. ##.###.# #.#
#.##.###...##.######.########
....#......<#..@.g.g........#
#.##.###........g....######.#
#.##.# ##.##########.# .#
#.##.# #.# #.# gg #.##.####.#
#.# ### ##.........# #.#
....#.###############.#
##.##.#...............#
........###############


You could see 3 gnolls.

Vanquished Creatures
  2 adders (D:2)
  An adder skeleton (D:2)
  A dart slug (D:1)
  6 ball pythons
  3 bats
  6 endoplasms
  A giant cockroach (D:1)
  4 goblins
  A hobgoblin (D:2)
  3 kobolds (D:1)
  2 rats
30 creatures vanquished.

Vanquished Creatures (others)
  74 foxfires
74 creatures vanquished.

Grand Total: 104 creatures vanquished

Notes
Turn   | Place    | Note
-------+----------+-------------------------------------------
     0 | D:1      | funkygono the Djinni Fire Elementalist began the quest for
                  | the Orb.
     0 | D:1      | Reached XP level 1. HP: 15/15 MP: 0/0
    97 | D:1      | Found a faded altar of an unknown god.
   159 | D:1      | Reached skill level 3 in Spellcasting
   232 | D:1      | Reached XP level 2. HP: 20/21 MP: 0/0
   918 | D:2      | Reached XP level 3. HP: 23/25 MP: 0/0
   918 | D:2      | Learned a level 1 spell: Sandblast
  1246 | D:2      | Reached skill level 4 in Spellcasting
  1311 | D:2      | Mangled by a gnoll

Illustrated notes

Levels and vault maps discovered:
D:1:      dpeg_arrival_refuge, layout_basic, shapermc_ecumenical_altar_gd,
          ebering_dispersal_statue_hall
D:2:      layout_loops_ring

Skill      XL: |  1  2  3 |
---------------+----------+-----
Spellcasting   | 3 4 |  4.0
Dodging        | |  2.4
Stealth        | |  1.5

Action                   || total
-------------------------++-------
 Cast: Foxfire           ||    45
       Conjure Flame     ||     1
       Sandblast         ||     1
  Use: Scroll            ||     3
Dodge: Dodged            ||     6

Table legend: (Time is in decaauts)
 A = Elapsed time spent in this place.
 B = Non-inter-level travel time spent in this place.
 C = Inter-level travel time spent in this place.
 D = Time resting spent in this place.
 E = Time spent auto-exploring this place.
 F = Levels seen in this place.
 G = Mean time per level.
                   A        B        C        D        E       F      G
               +--------+--------+--------+--------+--------+-----+--------+
         Total |   1309 |   1289 |     20 |      0 |   1095 |   2 |  654.5 |
       Dungeon |   1309 |   1289 |     20 |      0 |   1095 |   2 |  654.5 |
               +--------+--------+--------+--------+--------+-----+--------+

Top non-repeatable levels by time:
     D:1: 866 daAuts
     D:2: 443 daAuts
